 Dungeon Crawl Stone Soup version 0.31-a0-128-g25add195a6 (webtiles) character file.

Game seed: 4638850138387557883

448 jasper the Stinger (level 6, 0/28 HPs)
             Began as a Spriggan Venom Mage on June 1, 2023.
             Slain by an iguana (9 damage)
             ... on level 5 of the Dungeon.
             The game lasted 00:08:33 (4873 turns).

jasper the Stinger (Spriggan Venom Mage)            Turns: 4873, Time: 00:08:33

Health: 0/28       AC:  4    Str:  4    XL:     6   Next: 73%
Magic:  4/11       EV: 17    Int: 19    God:
Gold:   208        SH:  0    Dex: 15    Spells: 0/10 levels left

rFire   . . .        f - +2 dagger (pain)
rCold   . . .        (no shield)
rNeg    . . .        a - +0 robe
rPois   .            (helmet restricted)
rElec   .            g - +1 cloak
rCorr   .            (gloves unavailable)
SInv    +            (boots unavailable)
Will    +....        (no amulet)
Stlth   ++           (no ring)
HPRegen 0.24/turn    (no ring)
MPRegen 0.12/turn

%: no passive effects
@: very quick
A: very small, no large weapons, unfitting armour, see invisible, speed 3
a: no special abilities


You were on level 5 of the Dungeon.
You visited 1 branch of the dungeon, and saw 5 of its levels.

You collected 208 gold pieces.

Inventory:

Hand Weapons
 c - a +0 dagger
 f - a +2 dagger of pain (weapon)
Armour
 a - a +0 robe (worn)
 g - a +1 cloak (worn)
Scrolls
 d - a scroll of identify
 j - 2 scrolls of fog
 k - a scroll of enchant armour
 o - a scroll of immolation
Potions
 b - a potion of magic
 e - a potion of lignification
 h - a potion of degeneration
 i - 2 potions of brilliance


   Skills:
 - Level 2.6 Dodging
 - Level 3.0 Stealth
 + Level 2.6 Spellcasting
 - Level 1.1 Conjurations
 - Level 1.3 Transmutations
 - Level 1.3 Air Magic
 - Level 7.2 Poison Magic


You couldn't memorise any spells.
You knew the following spells:

 Your Spells              Type           Power      Damage    Failure   Level
a - Sting                 Tmut/Pois      72%        1d6       2%          1
b - Poisonous Vapours     Pois/Air       36%        N/A       4%          2
c - Mephitic Cloud        Conj/Pois/Air  14%        N/A       13%         3
d - Olgreb's Toxic Radia  Pois           30%        N/A       9%          4

Your spell library contained the following spells:

 Spells                   Type           Power      Damage    Failure   Level
 Summon Small Mammal      Summ           8%         N/A       16%         1
 Call Canine Familiar     Summ           2%         N/A       43%         3
 Summon Guardian Golem    Hex/Summ       2%         N/A       43%         3


Dungeon Overview and Level Annotations

Branches:
Dungeon (5/15)
 Temple: D:4-7

Altars:
Cheibriados

Shops:
D:2 ((((

Annotations:
D:3 1 runed translucent door, deremet's ghost, amateur FoVM
D:4 2 runed translucent doors, Edyrem's ghost, amateur HOMo


Innate Abilities, Weirdness & Mutations

You are very small and have problems with some larger weapons.
You are too small for most types of armour.
You have supernaturally acute eyesight. (SInv)
You cover ground extremely quickly. (Speed+++)


Message History

The sting misses the iguana.
The iguana bites you.
You take 1 damage, and have 27/28 hp.
You now have 8/11 mp.
Aiming: Sting (safe; 2% risk of failure)
Press: ? - help, Q - select action, (/) - cycle Shift-Dir - straight line, f/p - iguana
Aim: an iguana (lightly wounded, poisoned, 77% to hit)
The sting hits the iguana but does no damage.
The iguana looks even sicker.
The iguana is lightly wounded.
The iguana completely misses you.
You now have 7/11 mp.
Aiming: Sting (safe; 2% risk of failure)
Press: ? - help, Q - select action, (/) - cycle Shift-Dir - straight line, f/p - iguana
Aim: an iguana (moderately wounded, very poisoned, 77% to hit)
The sting hits the iguana.
The iguana looks even sicker.
The iguana is moderately wounded.
The iguana misses you.
Health restored: 28 You now have 6/11 mp.
Aiming: Sting (safe; 2% risk of failure)
Press: ? - help, Q - select action, (/) - cycle Shift-Dir - straight line, f/p - iguana
Aim: an iguana (moderately wounded, very poisoned, 77% to hit)
The sting misses the iguana.
The iguana bites you!
You take 7 damage, and have 21/28 hp.
MASSIVE DAMAGE!!
You now have 5/11 mp.
Aiming: Sting (safe; 2% risk of failure)
Press: ? - help, Q - select action, (/) - cycle Shift-Dir - straight line, f/p - iguana
Aim: an iguana (moderately wounded, very poisoned, 77% to hit)
The sting hits the iguana.
The iguana looks as sick as possible!
The iguana is heavily wounded.
The iguana bites you!
Your magical contamination has completely faded away.
You take 12 damage, and have 9/28 hp.
MASSIVE DAMAGE!!
You now have 4/11 mp.
Aiming: Sting (safe; 2% risk of failure)
Press: ? - help, Q - select action, (/) - cycle Shift-Dir - straight line, f/p - iguana
Aim: an iguana (heavily wounded, extremely poisoned, 77% to hit)
The sting hits the iguana.
The iguana looks as sick as possible!
The iguana is severely wounded.
The iguana bites you!
You die...

##.......##
#.........#
+.........+
#...<.....#
##.......##
##.....##
##...##
##'## #@#
#l# #.# ...
.). .....
#..## .###


You could see an iguana (extremely poisoned).

Vanquished Creatures
  A black bear (D:4)
  An ogre (D:4)
  A phantom (D:5)
  A hound (D:4)
  Terence (D:2)
  Robin (D:2)
  6 adders
  3 dart slugs
  6 orcs
  2 ball pythons
  7 endoplasms
  5 giant cockroaches
  13 goblins
  9 hobgoblins
  A quokka (D:2)
  5 bats
  3 frilled lizards
  4 kobolds
  A rat (D:3)
71 creatures vanquished.

Notes
Turn   | Place    | Note
-------+----------+-------------------------------------------
     0 | D:1      | jasper the Spriggan Venom Mage began the quest for the Orb.
     0 | D:1      | Reached XP level 1. HP: 9/9 MP: 5/5
   173 | D:1      | Reached XP level 2. HP: 6/13 MP: 2/6
   176 | D:1      | Learned a level 2 spell: Poisonous Vapours
   649 | D:1      | Reached skill level 4 in Poison Magic
  1141 | D:2      | Reached XP level 3. HP: 9/16 MP: 2/8
  1145 | D:2      | Learned a level 3 spell: Mephitic Cloud
  1369 | D:2      | Found Anih's Antique Weapon Emporium.
  1418 | D:2      | Found a snail-covered altar of Cheibriados.
  1550 | D:2      | Found Seter's Weapon Shoppe.
  1819 | D:2      | Reached XP level 4. HP: 21/21 MP: 4/9
  1888 | D:2      | Reached skill level 5 in Poison Magic
  2034 | D:2      | Noticed Robin
  2067 | D:2      | Killed Robin
  2196 | D:2      | Found Nari's Antique Weapon Shoppe.
  2200 | D:2      | Noticed Terence
  2218 | D:2      | Killed Terence
  2456 | D:2      | Found Toacs's Weapon Emporium.
  2933 | D:3      | Found a runed translucent door.
  3061 | D:3      | Reached XP level 5. HP: 24/24 MP: 0/10
  3368 | D:3      | Reached skill level 6 in Poison Magic
  3911 | D:3      | Noticed deremet's ghost (amateur FoVM)
  4200 | D:4      | Noticed an ogre
  4221 | D:4      | Killed an ogre
  4400 | D:4      | Noticed a black bear
  4416 | D:4      | Killed a black bear
  4417 | D:4      | Reached skill level 7 in Poison Magic
  4417 | D:4      | Reached XP level 6. HP: 28/28 MP: 3/11
  4422 | D:4      | Learned a level 4 spell: Olgreb's Toxic Radiance
  4638 | D:4      | Found a large runed translucent door.
  4640 | D:4      | Found a large runed translucent door.
  4642 | D:4      | Noticed Edyrem's ghost (amateur HOMo)
  4762 | D:5      | Entered Level 5 of the Dungeon
  4796 | D:5      | Reached skill level 1 in Conjurations
  4796 | D:5      | Reached skill level 1 in Air Magic
  4873 | D:5      | Slain by an iguana

Illustrated notes

Levels and vault maps discovered:
D:1:      beargit_arrival_diablo_church, layout_rooms
D:2:      layout_basic, serial_shops, shop, nicolae_shop_getting_attention,
          nicolae_shop_bloodbath_and_beyond, shop, basic_altar, uniq_terence,
          uniq_robin
D:3:      layout_basic, ebering_ghost_inner_flame, grunt_ministairs_4
D:4:      layout_gridville, kennysheep_mini_moat, ebering_ghost_disaster_area
D:5:      layout_loops_corners, nicolae_qazlal_beasts_of_the_sky

Skill      XL: |  1  2  3  4  5  6 |
---------------+-------------------+-----
Poison Magic   | 4 5 7 |  7.2
Conjurations   | 1 |  1.1
Air Magic      | 1 |  1.3
Dodging        | |  2.6
Stealth        | |  3.0
Spellcasting   | |  2.6
Transmutations | |  1.3

Action                     |  1- 3 |  4- 6 || total
---------------------------+-------+-------++-------
  Melee: Dagger            |    11 |    31 ||    42
   Cast: Sting             |    43 |    59 ||   102
         Poisonous Vapours |    24 |    49 ||    73
    Use: Scroll            |     8 |     7 ||    15
         Potion            |       |     1 ||     1
   Stab: Sleeping          |       |     1 ||     1
 Armour: Robe              |     6 |     5 ||    11
  Dodge: Dodged            |    14 |    35 ||    49

Table legend: (Time is in decaauts)
 A = Elapsed time spent in this place.
 B = Non-inter-level travel time spent in this place.
 C = Inter-level travel time spent in this place.
 D = Time resting spent in this place.
 E = Time spent auto-exploring this place.
 F = Levels seen in this place.
 G = Mean time per level.
                   A        B        C        D        E       F      G
               +--------+--------+--------+--------+--------+-----+--------+
         Total |   3889 |   3825 |     64 |    274 |   3003 |   5 |  777.8 |
       Dungeon |   3889 |   3825 |     64 |    274 |   3003 |   5 |  777.8 |
               +--------+--------+--------+--------+--------+-----+--------+

Top non-repeatable levels by time:
     D:2: 1381 daAuts
     D:3: 1121 daAuts
     D:1: 817 daAuts
     D:4: 461 daAuts
     D:5: 107 daAuts
